Map: Ascension to Aiur LE

Players

THAKOON - Winner!

  • Race: Protoss Protoss
  • Spawn Location: 5:00

SamuraiFunn

  • Race: Protoss Protoss
  • League: Platinum
  • Spawn Location: 11:00

VOD

Have the link to the VOD?

Description

Time

  • Played on: Nov. 25, 2017, 1:06 p.m.
  • Length: 4:02
Show
View Real Time Build Order
Export as new Build Order

THAKOON Protoss - Winner!

Build Orders: Oracle Opening 

Get SALT Encoding   

  12  0:01  Probe  
  13  0:14  Pylon  
  13  0:17  Probe  
  14  0:29  Probe  
  15  0:36  Gateway  
  15  0:41  Probe  
  16  0:45  Assimilator  
  16  0:53  Probe  
  17  1:04  Assimilator  
  17  1:05  Probe  
  18  1:17  Probe  
  19  1:23  Cybernetics Core  
  19  1:29  Probe  
  19  1:32  Pylon  
  20  1:40  Pylon  
  20  1:42  Probe  
  21  1:59  Stargate  
  21  2:10  Forge  
  21  2:14  Probe  
  22  2:26  Probe  
  23  2:38  Probe, Oracle (Chrono Boost)  
  23  2:40  Pylon  
  27  3:00  Oracle (Chrono Boost)  
  33  3:34  Photon Cannon  
  33  3:36  Photon Cannon, Oracle (Chrono Boost)  
  33  3:42  Pylon  
Show
View Real Time Build Order
Export as new Build Order

SamuraiFunn Protoss 

Build Orders: 1 Gate Expand 

Get SALT Encoding   

  12  0:01  Probe  
  13  0:13  Probe  
  14  0:19  Pylon  
  14  0:25  Probe  
  15  0:34  Assimilator  
  15  0:37  Probe  
  16  0:45  Gateway  
  16  0:58  Probe (Chrono Boost)  
  17  1:09  Probe (Chrono Boost)  
  18  1:12  Probe  
  19  1:27  Nexus  
  19  1:29  Probe  
  20  1:43  Probe  
  21  1:47  Cybernetics Core  
  21  1:52  Assimilator  
  21  1:55  Pylon  
  21  2:09  Probe  
  21  2:13  Zealot  
  24  2:41  Adept  
  24  2:43  Twilight Council  
  26  2:48  Probe x2  
  27  3:15  Stalker (Chrono Boost)  
  21  3:30  Probe x2  
Tags
 
Add a new tag
Caveats
  • Supply blocks, unpowered buildings, or Contaminate may cause inaccurate times.
  • Supply counts are checked every 10 seconds.